 Dungeon Crawl Stone Soup version 0.25-a0-21-ga5a8db46c7 (webtiles) character file.

Game seed: 1275442486154454297, levelgen mode: deterministic

24 Arixos the Ducker (level 2, -2/23 HPs)
             Began as a Demonspawn Gladiator on Oct 15, 2019.
             Killed from afar by Natasha (10 damage)
             ... with a magic dart
             ... on level 2 of the Dungeon.
             The game lasted 00:03:07 (939 turns).

Arixos the Ducker (Demonspawn Gladiator)             Turns: 939, Time: 00:03:08

Health: -2/23      AC:  4    Str: 14    XL:     2   Next: 79%
Magic:  11/11      EV: 13    Int:  9    God:
Gold:   87         SH:  0    Dex: 14    Spells: 1/1 levels left

rFire    . . .     SeeInvis .   m - +1 spear (vamp)
rCold    . . .     Gourm    .   (no shield)
rNeg     . . .     Faith    .   b - +0 leather armour
rPois    .         Spirit   .   (helmet restricted)
rElec    .         Reflect  .   (no cloak)
rCorr    .         Harm     .   n - +0 pair of gloves
MR       .....                  (no boots)
Stlth    +.........             (no amulet)
HPRegen  0.07/turn              k - ring of magical power
MPRegen  0.12/turn              (no ring)

@: slowed, very slow
A: horns 1
a: no special abilities


You were on level 2 of the Dungeon.
You were not hungry.

You visited 1 branch of the dungeon, and saw 2 of its levels.

You collected 87 gold pieces.

Inventory:

Hand Weapons
 a - a +0 quarterstaff
 m - a +1 vampiric spear (weapon)
Missiles
 i - 10 poisoned darts (quivered)
Armour
 b - a +0 leather armour (worn)
 n - a +0 pair of gloves (worn)
Jewellery
 k - a ring of magical power (left hand)
Scrolls
 c - a scroll of magic mapping {unknown}
 g - 2 scrolls of teleportation {unknown}
 j - a scroll of blinking {unknown}
 l - a scroll of enchant armour {unknown}
Potions
 e - 2 potions of agility {unknown}
 h - 2 potions of heal wounds {unknown}
Comestibles
 d - 4 chunks of flesh
 f - 2 rations


   Skills:
 + Level 2.5 Fighting
 - Level 2.6 Staves
 - Level 1.7 Throwing
 + Level 1.1 Armour
 + Level 3.1 Dodging


You had one spell level left.
You didn't know any spells.
Your spell library was empty.

Dungeon Overview and Level Annotations

Branches:
Dungeon (2/15)

Altars:

Annotations:
D:2 Natasha


Innate Abilities, Weirdness & Mutations

You have a pair of small horns on your head.


Message History

Natasha is severely wounded.
Natasha misses you.
The crimson imp blinks!
Natasha casts a spell.
You closely miss Natasha.
Natasha is severely wounded.
Natasha barely misses you. The white imp hits you. The white imp freezes you.
The crimson imp blinks!
You hit Natasha.
You feel better.
Natasha is almost dead.
Natasha claws you. The white imp gestures at you. The puff of frost hits you.
Natasha misses you.
The white imp hits you but does no damage.
You are too injured to fight recklessly!
You hit Natasha but do no damage. You headbutt Natasha, but do no damage.
Natasha is almost dead.
The crimson imp blinks!
Natasha stares at you and mumbles some strange words.
The magic dart hits you!
You die...

....# ##.########
###.# #...........#
....# #..########..
###.# #..........5#
#.# ##..#.#####.###
#.####.###..<......
#.....## ##.###.##
######÷###.####5##
#.......#.....@§.#
#..........#.###h.#
#..#######.#.# ..#
#. #.#.# ..# #.#.#
... #.#.# .###
#.#.# .# #.#.# .#


You could see Natasha, a crimson imp and a white imp.

Vanquished Creatures
  4 bats (D:1)
  A giant cockroach (D:1)
  A goblin (D:1)
  2 hobgoblins
  6 jackals
  A frilled lizard (D:1)
  4 kobolds (D:1)
  2 rats (D:1)
21 creatures vanquished.

Notes
Turn   | Place    | Note
-------+----------+-------------------------------------------
     0 | D:1      | Arixos the Demonspawn Gladiator began the quest for the
                  | Orb.
     0 | D:1      | Reached XP level 1. HP: 16/16 MP: 1/1
   268 | D:1      | Gained mutation: You have a pair of small horns on your
                  | head. [demonic ancestry]
   268 | D:1      | Reached XP level 2. HP: 22/22 MP: 2/2
   460 | D:1      | Reached skill level 3 in Dodging
   733 | D:1      | Reached skill level 1 in Armour
   929 | D:2      | Noticed Natasha
   936 | D:2      | Noticed a crimson imp
   939 | D:2      | Killed from afar by Natasha

Levels and vault maps discovered:
D:1:      dpeg_arrival_line_fractal, layout_basic, minmay_misc_feat_room
D:2:      layout_loops_ring, uniq_natasha

Skill      XL: |  1  2 |
---------------+-------+-----
Dodging        | 3 |  3.1
Armour         | 1 |  1.1
Fighting       | |  2.5
Staves         | |  2.6
Throwing       | |  1.7

Action                   || total
-------------------------++-------
Melee: Quarterstaff      ||    20
       Spear             ||    60
       Headbutt          ||    12
 Stab: Sleeping          ||     1
Armor: Leather armour    ||    22
Dodge: Dodged            ||    51

Table legend:
 A = Non-vault XP
 B = Vault XP
 C = Vault XP percentage of total XP
 D = Non-vault monster count
 E = Vault monster count
 F = Vault count percentage of total count
                 A         B        C        D         E       F
            +---------+---------+-------+---------+---------+-------
      Total |      35 |       0 |   0.0 |      21 |       0 |   0.0
            +---------+---------+-------+---------+---------+-------
        D:1 |      27 |       0 |   0.0 |      17 |       0 |   0.0
        D:2 |       8 |       0 |   0.0 |       4 |       0 |   0.0
            +---------+---------+-------+---------+---------+-------
